 Dungeon Crawl Stone Soup version 0.30.1-11-g7821555f0a (webtiles) character file.

Game seed: 8395615868685595174

2088 H0rd4k the Thaumaturge (level 9, -1/47 HPs)
             Began as a Deep Elf Hedge Wizard on Nov 29, 2023.
             Was an Initiate of Gozag.
             Killed from afar by Maurice (11 damage)
             ... with an iceblast
             ... on level 8 of the Dungeon.
             The game lasted 00:11:49 (8545 turns).

H0rd4k the Thaumaturge (Deep Elf Hedge Wizard)      Turns: 8545, Time: 00:11:49

Health: -1/47      AC:  9    Str:  7    XL:     9   Next: 6%
Magic:  20/26      EV: 13    Int: 30    God:    Gozag
Gold:   595        SH:  0    Dex: 14    Spells: 27/30 levels left

rFire   . . .        B - +3 scimitar (protect)
rCold   . . .        (no shield)
rNeg    . . .        t - +2 robe {Will+}
rPois   .            c - +0 hat
rElec   .            (no cloak)
rCorr   .            e - +0 pair of gloves
SInv    .            (no boots)
Will    +....        (no amulet)
Stlth   +++          f - +4 ring of protection
HPRegen 0.27/turn    z - +6 ring of intelligence
MPRegen 0.20/turn

%: no passive effects
@: no status effects
A: no striking features
a: Renounce Religion, Potion Petition, Call Merchant, Bribe Branch


You were on level 8 of the Dungeon.
You worshipped Gozag.
Gozag was pleased with you.
You visited 2 branches of the dungeon, and saw 9 of its levels.

You collected 714 gold pieces.
You paid 119 gold pieces to Gozag.

Inventory:

Hand Weapons
 B - a +3 scimitar of protection (weapon)
Armour
 c - a +0 hat (worn)
 e - a +0 pair of gloves (worn)
 t - a +2 robe of willpower (worn)
Jewellery
 f - a +4 ring of protection (left hand)
 i - a ring of flight
 r - a +6 ring of strength
 z - a +6 ring of intelligence (right hand)
Wands
 q - a wand of polymorph (14)
Scrolls
 j - a scroll of blinking
 k - a scroll of immolation
 l - 2 scrolls of teleportation
 m - 4 scrolls of enchant weapon
 p - a scroll of poison
 u - a scroll of amnesia
 w - a scroll of vulnerability {unknown}
 x - 3 scrolls of butterflies {unknown}
 y - a scroll of enchant armour {unknown}
 A - a scroll of magic mapping {unknown}
Potions
 b - a potion of lignification {unknown}
 d - a potion of magic
 g - a potion of curing {unknown}
 h - a potion of resistance {unknown}
 o - 3 potions of degeneration {unknown}
 v - a potion of mutation {unknown}
 D - a potion of berserk rage {unknown}
 E - a potion of brilliance {unknown}


   Skills:
 + Level 1.0 Fighting
 + Level 4.0 Dodging
 + Level 4.8 Stealth
 + Level 11.2 Spellcasting
 + Level 7.7 Conjurations
 + Level 1.1 Summonings
 + Level 1.1 Translocations
 + Level 2.9 Evocations


You had 27 spell levels left.
You knew the following spells:

 Your Spells              Type           Power      Damage    Failure   Level
a - Magic Dart            Conj           100%       1d8       1%          1
b - Blink                 Tloc           46%        N/A       3%          2

Your spell library contained the following spells:

 Spells                   Type           Power      Damage    Failure   Level
 Searing Ray              Conj           100%       2d8       1%          2
 Slow                     Hex            64%        N/A       3%          1
 Call Imp                 Summ           46%        N/A       3%          2
 Mephitic Cloud           Conj/Pois/Air  32%        N/A       3%          3
 Cigotuvi's Dreadful Rot  Necr/Pois/Air  32%        N/A       4%          2
 Ensorcelled Hibernation  Hex/Ice        32%        N/A       4%          2
 Call Canine Familiar     Summ           23%        N/A       6%          3
 Fulminant Prism          Conj/Hex       20%        3d12      6%          4
 Portal Projectile        Hex/Tloc       40%        N/A       8%          3
 Ignite Poison            Fire/Tmut/Pois 16%        N/A       10%         3
 Spider Form              Tmut/Pois      16%        N/A       10%         3
 Anguish                  Hex/Necr       8%         N/A       30%         4
 Leda's Liquefaction      Hex/Erth       8%         N/A       30%         4
 Freezing Cloud           Conj/Ice/Air   16%        6-21      30%         5
 Borgnjor's Vile Clutch   Necr/Erth      8%         N/A       65%         5
 Death Channel            Necr           8%         N/A       99%         6
 Animate Dead             Necr           Unusable   N/A       N/A         4

Dungeon Overview and Level Annotations

Branches:
Dungeon (8/15)             Temple (1/1) D:5
   Lair: D:8-11

Altars:
Ashenzari
Cheibriados
Dithmenos
Elyvilon
Fedhas
Gozag
Hepliaklqana
Kikubaaqudgha
Makhleb
Nemelex Xobeh
Okawaru
Qazlal
Ru
Sif Muna
Trog
Uskayaw
Vehumet
Wu Jian
Xom
Yredelemnul
Zin
The Shining One

Shops:
D:7 **

Annotations:
D:2 exclusion: downstairs
D:4 exclusions: upstairs and 1 more exclusion
D:6 1 runed translucent door, exclusions: door, upstairs and wyvern, Crazy Yiuf
D:8 Maurice


Message History

An iceblast appears from out of thin air!
The mass of ice explodes!
Deactivating autopickup; reactivate with Ctrl-A.
The iceblast engulfs you!
* * * LOW HITPOINT WARNING * * *
You hear an angry hiss.
You hear a shout!
Casting: Magic Dart (safe; 1% risk of failure)
Confirm with . or Enter, or press ? or * to list all spells.
Aiming: Magic Dart (safe; 1% risk of failure)
Press: ? - help, Shift-Dir - straight line The magic dart hits something.
Unknown command.
Casting: Magic Dart (safe; 1% risk of failure)
Confirm with . or Enter, or press ? or * to list all spells.
Aiming: Magic Dart (safe; 1% risk of failure)
Press: ? - help, Shift-Dir - straight line The magic dart hits something.
Unknown command.
Casting: Magic Dart (safe; 1% risk of failure)
Confirm with . or Enter, or press ? or * to list all spells.
Aiming: Magic Dart (safe; 1% risk of failure)
Press: ? - help, Shift-Dir - straight line The magic dart hits something but does no damage.
Unknown command.
Casting: Magic Dart (safe; 1% risk of failure)
Confirm with . or Enter, or press ? or * to list all spells.
Aiming: Magic Dart (safe; 1% risk of failure)
Press: ? - help, Shift-Dir - straight line The magic dart hits something.
You hear some strange, mumbled words.
Unknown command.
Casting: Magic Dart (safe; 1% risk of failure)
Confirm with . or Enter, or press ? or * to list all spells.
Aiming: Magic Dart (safe; 1% risk of failure)
Press: ? - help, Shift-Dir - straight line You hear a zap.
An iceblast appears from out of thin air!
The mass of ice explodes!
The iceblast engulfs you!
You die...
Your body crumbles into a pile of gold.

## .# .# {#
###.## ...
.#### $ ###[#
#...######
#...#
#.#.......
#.#@###....##..
#
##...#.#.##.##
# ##.##.#.....
.. #.##.#.##.#
.#
#.##.#.##.##..#
#.##..........#
#..###.##.#####
##. #.##...## .
#.#.....###


There were no monsters in sight!

Vanquished Creatures
  Grinder (D:6)
  Sigmund (D:3)
  Menkaure (D:6)
  A water moccasin (D:7)
  2 ice beasts (D:6)
  2 centaurs
  A phantom (D:7)
  A kobold brigand (D:7)
  2 scorpions
  2 howler monkeys (D:7)
  4 hounds
  3 jellies
  2 orc priests (D:4)
  A sleepcap (D:6)
  Ijyb (D:3)
  3 iguanas
  3 orc wizards
  A gnoll (D:8)
  8 adders
  A shadow imp (D:7)
  3 ufetubi
  A worm (D:2)
  2 dart slugs
  11 orcs
  7 bats
  5 endoplasms
  5 giant cockroaches
  8 hobgoblins
  2 jackals (D:2)
  14 kobolds
  2 quokkas
  13 ball pythons
  5 frilled lizards
  12 goblins
  6 rats
137 creatures vanquished.

Vanquished Creatures (collateral kills)
  An ogre (D:5)
1 creature vanquished.

Vanquished Creatures (others)
  A black bear (D:5)
1 creature vanquished.

Grand Total: 139 creatures vanquished

Notes
Turn   | Place    | Note
-------+----------+-------------------------------------------
     0 | D:1      | H0rd4k the Deep Elf Hedge Wizard began the quest for the
                  | Orb.
     0 | D:1      | Reached XP level 1. HP: 10/10 MP: 7/7
   174 | D:1      | Reached skill level 5 in Spellcasting
   283 | D:1      | Reached XP level 2. HP: 15/15 MP: 7/10
  1099 | D:1      | Learned a level 2 spell: Blink
  1126 | D:2      | Reached XP level 3. HP: 19/19 MP: 3/12
  1479 | D:2      | Found a glowing golden altar of the Shining One.
  1905 | D:2      | Reached skill level 6 in Spellcasting
  2208 | D:2      | Reached XP level 4. HP: 24/24 MP: 4/14
  2758 | D:3      | Noticed Sigmund
  2893 | D:3      | Noticed Ijyb
  2933 | D:3      | Killed Ijyb
  3067 | D:4      | Reached XP level 5. HP: 23/28 MP: 6/16
  3478 | D:3      | Found a shimmering blue altar of Sif Muna.
  3478 | D:3      | Found an iron altar of Okawaru.
  3713 | D:3      | Killed Sigmund
  3714 | D:3      | Reached skill level 7 in Spellcasting
  3714 | D:3      | Reached XP level 6. HP: 33/33 MP: 4/18
  4453 | D:4      | Reached skill level 8 in Spellcasting
  4453 | D:4      | Reached XP level 7. HP: 30/37 MP: 13/20
  4922 | D:5      | Entered Level 5 of the Dungeon
  5177 | D:5      | Reached skill level 5 in Conjurations
  5522 | D:5      | Reached skill level 9 in Spellcasting
  5627 | D:5      | Found a staircase to the Ecumenical Temple.
  5686 | D:5      | Found an ornate altar of the Wu Jian Council.
  5733 | Temple   | Entered the Ecumenical Temple
  5824 | Temple   | Became a worshipper of Gozag Ym Sagoz the Greedy
  6082 | D:5      | Reached XP level 8. HP: 42/42 MP: 16/23
  6203 | D:6      | Found a runed translucent door.
  6204 | D:6      | Noticed Crazy Yiuf
  6239 | D:6      | Noticed Grinder
  6255 | D:6      | Killed Grinder
  6325 | D:6      | Reached skill level 1 in Fighting
  6406 | D:6      | Noticed Menkaure
  6413 | D:6      | Killed Menkaure
  6414 | D:6      | Reached skill level 10 in Spellcasting
  6414 | D:6      | Reached skill level 1 in Evocations
  6634 | D:6      | Found a sacrificial altar of Ru.
  7383 | D:7      | Found a hide-covered altar of Uskayaw.
  7383 | D:7      | Noticed a +0 dagger
  7384 | D:7      | Noticed a +0 hand axe
  7426 | D:7      | Reached skill level 11 in Spellcasting
  7544 | D:7      | Found Goat's Gadget Gallery.
  7707 | D:7      | Reached XP level 9. HP: 40/47 MP: 18/26
  7997 | D:7      | Found a sparkling altar of Nemelex Xobeh.
  8065 | D:7      | Found Yjan's Assorted Antiques.
  8525 | D:8      | Noticed Maurice
  8545 | D:8      | Killed from afar by Maurice

Illustrated notes

Levels and vault maps discovered:
D:1:      psy_arrival_terrarium, layout_loops_ring,
          chequers_hall_statues_corner_a
D:2:      layout_basic, basic_altar
D:3:      layout_basic, chequers_temple_overflow_statue_of_worship,
          uniq_sigmund, uniq_ijyb
D:4:      layout_basic, chequers_serial_rivers_large_a, mrwooster_statue_mirror,
          minmay_manual_monstrance
D:5:      layout_layer_cave, mainiacjoe_overflow_paths,
          minmay_temple_entry_overgrown, minivault_1
D:6:      layout_cave_pods, lemuel_tele_altar, nicolae_sextant,
          minmay_stone_trees_small, minivault_10, uniq_crazy_yiuf_cottage,
          uniq_grinder, uniq_menkaure
D:7:      layout_gridville, kennysheep_mini_moat, dancing_weapons_uskayaw,
          serial_shops, shop, nicolae_shop_gadgets
D:8:      layout_loops_ring, eino_tiny_chamber, uniq_maurice
Temple:   lightli_temple_of_artemis

Skill      XL: |  1  2  3  4  5  6  7  8 |
---------------+-------------------------+-----
Spellcasting   | 5 6 7 8 9 11 | 11.2
Stealth        | 3 4 |  4.8
Conjurations   | 3 4 5 7 |  7.7
Dodging        | 3 4 |  4.0
Fighting       | 1 |  1.0
Evocations     | 2 |  2.9
Summonings     | |  1.1
Translocations | |  1.1

Action                     |  1- 3 |  4- 6 |  7- 9 || total
---------------------------+-------+-------+-------++-------
  Melee: Dagger            |     5 |    23 |       ||    28
         Unarmed           |       |     3 |       ||     3
   Cast: Magic Dart        |   117 |   153 |   207 ||   477
  Evoke: Wand              |       |     1 |    39 ||    40
    Use: Scroll            |       |       |     7 ||     7
 Armour: Robe              |     8 |    12 |    14 ||    34
         Skin              |       |    13 |       ||    13
  Dodge: Dodged            |    15 |    19 |    39 ||    73
